 Dungeon Sprint DCSS version 0.28.0-43-g3370ac3207 (webtiles) character file.

Game seed: 7759481818649894860

1171 smarlow the Imperceptible (level 8, -3/36 HPs)
             Began as a Spriggan Enchanter on Mar 15, 2022.
             Was an Initiate of Dithmenos.
             Slain by a deep troll (13 damage)
             ... in the Dungeon (Sprint I: "Red Sonja").
             The game lasted 00:02:00 (496 turns).

smarlow the Imperceptible (Spriggan Enchanter)       Turns: 496, Time: 00:02:00

Health: -3/36      AC:  2    Str:  4    XL:     8   Next: 18%
Magic:  9/13       EV: 17    Int: 16    God:    Dithmenos [......]
Gold:   594        SH:  0    Dex: 18    Spells: 10/12 levels left

rFire   . . .      SeeInvis +   m - +1 dagger (venom)
rCold   . . .      Faith    .   (no shield)
rNeg    . . .      Spirit   .   b - +0 robe
rPois   .          Reflect  .   (helmet restricted)
rElec   .          Harm     .   (no cloak)
rCorr   .          Rampage  .   (gloves unavailable)
Will    +....      NoTele   +   (boots unavailable)
Stlth   +++++++++.              (no amulet)
HPRegen 0.12/turn               (no ring)
MPRegen 0.13/turn               (no ring)

@: very quick
A: very small, no large weapons, unfitting armour, see invisible, speed 3
a: Renounce Religion


You were in the Dungeon.
You worshipped Dithmenos.
Dithmenos was noncommittal.
You visited 1 branch You collected 594 gold pieces.

Inventory:

Hand Weapons
 a - a +1 dagger
 j - a +0 vampiric dagger
 m - a +1 dagger of venom (weapon)
Armour
 b - a +0 robe (worn)
Wands
 h - a wand of iceblast (9)
Scrolls
 i - a scroll of blinking
 k - a scroll of magic mapping {unknown}
 l - a scroll of vulnerability {unknown}
 o - a scroll of fog {unknown}
Potions
 c - a potion of invisibility
 d - 4 potions of curing
 e - a potion of heal wounds
 f - a potion of haste
 g - 2 potions of magic
 n - 2 potions of might {unknown}


   Skills:
 - Level 1.1 Short Blades
 - Level 2.6 Dodging
 * Level 26.0 Stealth
 - Level 2.6 Spellcasting
 - Level 3.6 Hexes


You had 10 spell levels left.
You knew the following spells:

 Your Spells              Type           Power      Damage    Failure   Level
a - Ensorcelled Hibernat  Hex/Ice        14%        N/A       14%         2

Your spell library contained the following spells:

 Spells                   Type           Power      Damage    Failure   Level
 Confusing Touch          Hex            13%        N/A       13%         3
 Tukima's Dance           Hex            13%        N/A       13%         3
 Dazzling Flash           Conj/Hex       14%        N/A       28%         3


Dungeon Overview and Level Annotations

Branches:
Dungeon (1/1)

Altars:
Cheibriados
Dithmenos
Elyvilon
Fedhas
Gozag
Hepliaklqana
Kikubaaqudgha
Makhleb
Nemelex Xobeh
Okawaru
Qazlal
Ru
Sif Muna
Trog
Uskayaw
Vehumet
Wu Jian
Xom
Yredelemnul
Zin
The Shining One
Jiyva
Lugonu

Shops:
D **


Innate Abilities, Weirdness & Mutations

You are very small and have problems with some larger weapons.
You are too small for most types of armour.
You have supernaturally acute eyesight. (SInv)
You cover ground extremely quickly. (Speed+++)


Message History

You now have 594 gold pieces (gained 27).
o - a scroll labelled NIZYERUIMA
There is an open door here.
Things that are here:
2 curare-tipped darts; the kobold corpse of Sonja You start resting.
HP restored.
You open the door.
There is an open door here.
Found Awunuleo's General Store.
There is an entrance to Awunuleo's General Store here.
There is an open door here.
You open the door.
A deep troll comes into view.
Found 108 gold pieces.
There is an open door here.
You see here 27 gold pieces.
The deep troll shouts!
The deep troll barely misses you. x2
The deep troll claws you but does no damage.
You see here 27 gold pieces.
You see here 27 gold pieces.
Casting: Ensorcelled Hibernation (safe; 14% risk of failure)
Confirm with . or Enter, or press ? or * to list all spells.
Aiming: Ensorcelled Hibernation (safe; 14% risk of failure)
Press: ? - help, Shift-Dir - straight line, f - deep troll
Aim: a deep troll (chance to affect: 24%)
The deep troll resists with almost no effort.
There is an open door here.
Casting: Ensorcelled Hibernation (safe; 14% risk of failure)
Confirm with . or Enter, or press ? or * to list all spells.
Aiming: Ensorcelled Hibernation (safe; 14% risk of failure)
Press: ? - help, Shift-Dir - straight line, f/p - deep troll
Aim: a deep troll (chance to affect: 24%)
The deep troll resists with almost no effort.
The deep troll bites you!!
Ouch! That really hurt!
* * * LOW HITPOINT WARNING * * *
The deep troll completely misses you. The deep troll claws you!
You die...

#..#####'#####'#__#
#..####..#...#.####
#..#__####..##(#
#..#_____##'#_.+
#⌠⌠#_.∩...'..._#
####_..__##_.#'#
#_____###'#.#
############.####+###
#∩........'.@T'$$.$$+
###++++####.(.#######
###.### #.#'#.#
#.....# #.(...#
#######


You could see a deep troll.

Vanquished Creatures
  Sonja (D)
  A slime creature (D)
  A yak (D)
  Sigmund (D)
  An ogre (D)
  A jelly (D)
  Ijyb (D)
7 creatures vanquished.

Vanquished Creatures (others)
  2 ballistomycete spores (D)
2 creatures vanquished.

Grand Total: 9 creatures vanquished

Notes
Turn   | Place    | Note
-------+----------+-------------------------------------------
     0 | D        | smarlow the Spriggan Enchanter began the quest for the Orb.
     0 | D        | Reached XP level 1. HP: 9/9 MP: 5/5
     2 | D        | Noticed Ijyb
    10 | D        | Killed Ijyb
    11 | D        | Reached skill level 10 in Stealth
    11 | D        | Reached XP level 2. HP: 13/13 MP: 6/6
    62 | D        | Learned a level 2 spell: Ensorcelled Hibernation
    62 | D        | Noticed an ogre
    65 | D        | Killed an ogre
    66 | D        | Reached skill level 14 in Stealth
    66 | D        | Reached XP level 3. HP: 16/16 MP: 8/8
    66 | D        | Reached XP level 4. HP: 21/21 MP: 9/9
    76 | D        | Noticed Sigmund
    79 | D        | Killed Sigmund
    80 | D        | Reached skill level 18 in Stealth
    80 | D        | Reached XP level 5. HP: 24/24 MP: 10/10
    93 | D        | Found an ornate altar of the Wu Jian Council.
    93 | D        | Found a shimmering blue altar of Sif Muna.
    95 | D        | Found a radiant altar of Vehumet.
   100 | D        | Reached skill level 19 in Stealth
   100 | D        | Reached XP level 6. HP: 28/28 MP: 11/11
   109 | D        | Found Vigulum's Assorted Antiques.
   109 | D        | Found an ancient bone altar of Kikubaaqudgha.
   109 | D        | Found a stormy altar of Qazlal.
   109 | D        | Found a blossoming altar of Fedhas.
   109 | D        | Found a bloodstained altar of Trog.
   109 | D        | Found an iron altar of Okawaru.
   109 | D        | Found a glowing golden altar of the Shining One.
   109 | D        | Found a glowing silver altar of Zin.
   109 | D        | Found a white marble altar of Elyvilon.
   109 | D        | Noticed a yak
   110 | D        | Found a hazy altar of Hepliaklqana.
   110 | D        | Found a hide-covered altar of Uskayaw.
   110 | D        | Found a basalt altar of Yredelemnul.
   110 | D        | Found an opulent altar of Gozag.
   110 | D        | Found a snail-covered altar of Cheibriados.
   110 | D        | Found a sacrificial altar of Ru.
   110 | D        | Found a shadowy altar of Dithmenos.
   111 | D        | Killed a yak
   112 | D        | Reached skill level 21 in Stealth
   112 | D        | Found a sparkling altar of Nemelex Xobeh.
   119 | D        | Became a worshipper of Dithmenos the Shadowed
   154 | D        | Found a viscous altar of Jiyva.
   154 | D        | Found a corrupted altar of Lugonu.
   154 | D        | Noticed a slime creature
   155 | D        | Found a burning altar of Makhleb.
   155 | D        | Found a shimmering altar of Xom.
   159 | D        | Killed a slime creature
   160 | D        | Reached skill level 23 in Stealth
   160 | D        | Reached XP level 7. HP: 18/32 MP: 9/12
   298 | D        | Noticed Sonja
   302 | D        | Killed Sonja
   303 | D        | Reached skill level 26 in Stealth
   303 | D        | Reached XP level 8. HP: 36/36 MP: 13/13
   467 | D        | Found Awunuleo's General Store.
   487 | D        | Noticed a deep troll
   496 | D        | Slain by a deep troll

Illustrated notes

Levels and vault maps discovered:
D:        dungeon_sprint_1 [red_sonja_temple_1, red_sonja_temple_small_1]

Skill      XL: |  1  2  3  4  5  6  7 |
---------------+----------------------+-----
Stealth        | 10 14 18 19 23 26 | 26.0
Short Blades   | |  1.1
Dodging        | |  2.6
Spellcasting   | |  2.6
Hexes          | |  3.6

Action                   |  1- 3 |  4- 6 |  7- 9 || total
-------------------------+-------+-------+-------++-------
Melee: Dagger            |     7 |     4 |     1 ||    12
 Cast: Ensorcelled Hiber |       |     1 |     2 ||     3
  Use: Potion            |     1 |       |       ||     1
 Stab: Sleeping          |     2 |     4 |     1 ||     7
Armor: Robe              |       |       |     1 ||     1
Dodge: Dodged            |     2 |       |     3 ||     5
